 Dungeon Crawl Stone Soup version 0.23-a0-299-g9a66eeb (webtiles) character file.

19 Amnesiac the Ducker (level 2, -1/16 HPs)
             Began as a Spriggan Fighter on Oct 6, 2018.
             Slain by a jackal (3 damage)
             ... on level 1 of the Dungeon.
             The game lasted 00:00:59 (187 turns).

Amnesiac the Ducker (Spriggan Fighter)               Turns: 187, Time: 00:01:01

Health: -1/16      AC:  2    Str: 17    XL:     2   Next: 55%
Magic:  3/3        EV: 19    Int:  9    God:
Gold:   0          SH:  6    Dex: 15    Spells: 1/1 levels left

rFire    . . .     SeeInvis +   a - +0 rapier
rCold    . . .     Gourm    .   c - +0 buckler
rNeg     . . .     Faith    .   b - +0 robe
rPois    .         Spirit   .   (helmet restricted)
rElec    .         Reflect  .   (no cloak)
rCorr    .         Harm     .   (gloves unavailable)
MR       .....                  (boots unavailable)
Stlth    ++........             (no amulet)
HPRegen  0.05/turn              (no ring)
MPRegen  0.08/turn              (no ring)

@: mighty, very quick
A: very small, unfitting armour, see invisible, herbivore, speed 3, slow
metabolism 2
a: no special abilities


You were on level 1 of the Dungeon.
You were not hungry.

You visited 1 branch of the dungeon, and saw 2 of its levels.

Inventory:

Hand Weapons
 a - a +0 rapier (weapon)
Armour
 b - a +0 robe (worn)
 c - a +0 buckler (worn)
Comestibles
 f - a ration


   Skills:
 - Level 2.4 Fighting
 * Level 2.6 Short Blades
 - Level 4.4 Dodging
 + Level 2.4 Stealth
 - Level 2.4 Shields


You had one spell level left.
You didn't know any spells.
Your spell library was empty.

Dungeon Overview and Level Annotations

Branches:
Dungeon (2/15)

Altars:


Innate Abilities, Weirdness & Mutations

You are very small and have problems with some larger weapons.
You are too small for most types of armour.
You have supernaturally acute eyesight. (SInv)
You are a herbivore.
You cover ground extremely quickly.
You need to consume almost no food.


Message History

The jackal is almost dead.
The jackal bites you.
* * * LOW HITPOINT WARNING * * *
You barely miss the jackal.
The jackal is almost dead.
The jackal closely misses you. The jackal completely misses you.
You barely miss the jackal.
The jackal is almost dead.
The jackal completely misses you. The jackal closely misses you.
A jackal comes into view.
The jackal barks! x2
You hit the jackal but do no damage.
The jackal is severely wounded.
You hear an angry hiss.
The jackal closely misses you.
You hit the jackal but do no damage.
The jackal is severely wounded.
The jackal misses you.
The jackal bites you but does no damage.
The jackal bites you.
* * * LOW HITPOINT WARNING * * *
The jackal misses you.
You closely miss the jackal.
The jackal is severely wounded.
The jackal closely misses you. The jackal completely misses you.
The jackal misses you.
A jackal comes into view.
You closely miss the jackal.
The jackal is severely wounded.
The jackal barks!
You hear a bark!
The jackal completely misses you. The jackal closely misses you.
The jackal bites you.
* * * LOW HITPOINT WARNING * * *
You miss the jackal.
The jackal is severely wounded.
The jackal misses you. You block the jackal's attack.
The jackal closely misses you.
You puncture the jackal!
You kill the jackal!
The jackal bites you.
* * * LOW HITPOINT WARNING * * *
The jackal misses you. The jackal barely misses you.
You are too injured to fight recklessly!
You are too injured to fight recklessly!
You are too injured to fight recklessly!
You are too injured to fight recklessly!
You are too injured to fight recklessly!
You are too injured to fight recklessly!
You are too injured to fight recklessly!
You are too injured to fight recklessly!
Really quaff
d - a potion of might {!q}?
You feel very mighty all of a sudden. The jackal misses you.
You block the jackal's attack.
You puncture the jackal!
You kill the jackal!
The jackal completely misses you. x2; The jackal closely misses you.
You puncture the jackal!
You kill the jackal!
The jackal closely misses you. The jackal bites you.
* * * LOW HITPOINT WARNING * * *
Things that are here:
a jackal corpse x2
The jackal bites you.
You die...

#.. #.# ### ## #.# #..
.# #.# #.# .## #.# #.#
## .. #.#####.####...###
####>...........#...
#..........####.h.#
.....#####.## #@#
#.##.####...####.#
#.##......#hhhh†.#
#.#######...######
.)...........#######
.............h...h.#
#.###.####....l.†.......
#.# # # ##.#.#####.#####
### ##..#.#.# ..h


You could see a jackal.

Vanquished Creatures
  A giant cockroach (D:1)
  2 goblins (D:1)
  A hobgoblin (D:1)
  8 jackals
  2 kobolds
  A rat (D:1)
15 creatures vanquished.

Notes
Turn   | Place    | Note
-------+----------+-------------------------------------------
     0 | D:1      | Amnesiac the Spriggan Fighter began the quest for the Orb.
     0 | D:1      | Reached XP level 1. HP: 11/11 MP: 2/2
    32 | D:1      | Reached skill level 1 in Stealth
    86 | D:2      | Reached XP level 2. HP: 11/16 MP: 3/3
   187 | D:1      | Slain by a jackal

Vault maps used:
D:1:      eino_arrival_water_star
D:2:      first_ration, st_stairs_2, minmay_misc_feat_tower

Skill      XL: |  1 |
---------------+----+-----
Stealth        | 2 |  2.4
Fighting       | |  2.4
Short Blades   | |  2.6
Dodging        | |  4.4
Shields        | |  2.4

Action                   || total
-------------------------++-------
Melee: Rapier            ||    52
  Use: Potion            ||     1
Armor: Robe              ||     4
Dodge: Dodged            ||    64
Block: Buckler           ||    17

Table legend:
 A = Non-vault XP
 B = Vault XP
 C = Vault XP percentage of total XP
 D = Non-vault monster count
 E = Vault monster count
 F = Vault count percentage of total count
                 A         B        C        D         E       F
            +---------+---------+-------+---------+---------+-------
      Total |      28 |       0 |   0.0 |      15 |       0 |   0.0
            +---------+---------+-------+---------+---------+-------
        D:1 |      19 |       0 |   0.0 |      10 |       0 |   0.0
        D:2 |       9 |       0 |   0.0 |       5 |       0 |   0.0
            +---------+---------+-------+---------+---------+-------
